 Dungeon Crawl Stone Soup version 0.29.1-15-g9cfb28693d (webtiles) character file.

Game seed: 11880169331107885837

1751274 roguespy the Invulnerable (level 26, 251/255 HPs)
             Began as a Minotaur Berserker on Feb 23, 2023.
             Was an Elder of Trog.
             Escaped with the Orb
             ... and 3 runes on Feb 25, 2023!
             The game lasted 07:06:09 (62120 turns).

roguespy the Invulnerable (Minotaur Berserker)     Turns: 62120, Time: 07:06:10

Health: 251/255    AC: 58    Str: 28    XL:     26   Next: 7%
Magic:  22/22      EV: 14    Int:  8    God:    Trog [****..]
Gold:   4371       SH: 21    Dex: 11    Spells: 25/25 levels left

rFire   + + +      SeeInvis +   a - +8 trishula "Condemnation" {holy, anguish, *Noise Fly rN+}
rCold   + . .      Faith    .   X - +0 tower shield
rNeg    + . .      Spirit   .   z - +8 gold dragon scales
rPois   +          Reflect  .   q - +3 crown of Dyrovepreva {rElec Int+2 SInv}
rElec   +          Harm     .   j - +2 cloak {Will+}
rCorr   +          Rampage  .   y - +4 pair of gloves of the Pit {Regen+ Dex-5 Slay+3}
Will    +++++                   o - +2 pair of boots
Stlth   ..........              K - amulet of Posawafo {Acrobat Slay+2}
HPRegen 1.32/turn               W - ring "Enamiys" {rF+ Will++ AC+4}
MPRegen 0.18/turn               x - ring of Amap {rElec rF+ Will+ rCorr Dex+2}

@: flying
A: horns 2, retaliatory headbutt, iridescent scales 1, screaming 1, inability to
drink after injury 1, MP-powered wands, devolution 2
0: Orb of Zot
}: 3/15 runes: decaying, slimy, gossamer
a: Renounce Religion, Berserk, Trog's Hand, Brothers in Arms


You escaped.
You worshipped Trog.
Trog was greatly pleased with you.
You visited 10 branches of the dungeon, and saw 51 of its levels.
You also visited: Trove.

You collected 7912 gold pieces.
You spent 3541 gold pieces at shops.

Inventory:

Hand Weapons
 a - the +8 trishula "Condemnation" (weapon) {holy, anguish, *Noise Fly rN+}
   (You found it on level 3 of the Elven Halls)

   It has been blessed by the Shining One to cause great damage to the undead
   and demons.
   It inflicts anguish, making its victims' attacks reflect back on them.
   rN:        It protects you from negative energy.
   Fly:       It grants you flight.
   *Noise:    It may make noises in combat.
 s - the +10 broad axe "Tyulamoi" {vorpal, rElec rN+ Str-5 Stlth+}
   (Trog gifted it to you on level 1 of the Vaults)

   It inflicts extra damage upon your enemies.
   Str:       It affects your strength (-5).
   rElec:     It insulates you from electricity.
   rN:        It protects you from negative energy.
   Stlth:     It makes you more stealthy.
 M - the +9 short sword of Ruxomam {protect, rN+}
   (You found it on level 3 of the Elven Halls)

   It grants its wielder temporary protection when it strikes (+7 to AC).
   rN:        It protects you from negative energy.
 V - a +9 antimagic broad axe
 Z - the +0 rapier "Kigg" {holy, rN++ Int-3 Stlth+}
   (You found it on level 4 of the Lair of Beasts)

   It has been blessed by the Shining One to cause great damage to the undead
   and demons.
   Int:       It affects your intelligence (-3).
   rN:        It greatly protects you from negative energy.
   Stlth:     It makes you more stealthy.
Missiles
 i - 3 silver boomerangs
 n - 9 stones (quivered)
 r - 6 boomerangs of dispersal
 u - 3 javelins
 E - 4 boomerangs
Armour
 j - a +2 cloak of willpower (worn)
 o - a +2 pair of boots (worn)
 q - the +3 crown of Dyrovepreva (worn) {rElec Int+2 SInv}
   (You found it on level 4 of the Spider Nest)

   Int:       It affects your intelligence (+2).
   rElec:     It insulates you from electricity.
   SInv:      It lets you see invisible.
 y - the +4 pair of gloves of the Pit (worn) {Regen+ Dex-5 Slay+3}
   (You bought it in a shop on level 5 of the Dungeon)

   Dex:       It affects your dexterity (-5).
   Slay:      It affects your accuracy & damage with ranged weapons and melee
   (+3).
   Regen:     It increases your rate of health regeneration.
 z - +8 gold dragon scales (worn)
 B - a scarf of resistance
 G - a +7 plate armour of fire resistance
 N - the +5 swamp dragon scales "Rausch" {+Blink rPois Will+ rCorr Stlth+}
   (You acquired it on level 8 of the Dungeon)

   rPois:     It protects you from poison.
   +Blink:    It lets you blink.
   rCorr:     It protects you from acid and corrosion.
   Will:      It increases your willpower.
   Stlth:     It makes you more stealthy.
 Q - an orb of mayhem
 X - a +0 tower shield (worn)
Jewellery
 k - the ring of the Scavenger {rF+ Will+ Str+6 Dex+2}
   (You acquired it on level 8 of the Dungeon)

   [ring of strength]

   Str:       It affects your strength (+6).
   Dex:       It affects your dexterity (+2).
   rF:        It protects you from fire.
   Will:      It increases your willpower.
 x - the ring of Amap (right hand) {rElec rF+ Will+ rCorr Dex+2}
   (You found it on level 14 of the Dungeon)

   [ring of resist corrosion]

   Dex:       It affects your dexterity (+2).
   rF:        It protects you from fire.
   rElec:     It insulates you from electricity.
   rCorr:     It protects you from acid and corrosion.
   Will:      It increases your willpower.
 I - the amulet "Qoaptog" {Regen+ Int+2}
   (You found it in a treasure trove)

   [amulet of regeneration]

   Int:       It affects your intelligence (+2).
   Regen:     It increases your rate of health regeneration.
 K - the amulet of Posawafo (around neck) {Acrobat Slay+2}
   (You found it in a treasure trove)

   [amulet of the acrobat]

   It increases your evasion while moving and waiting.
   Slay:      It affects your accuracy & damage with ranged weapons and melee
   (+2).
 L - the ring of False Pretenses {rPois rC+ rN+ Dex+6}
   (You found it in a treasure trove)

   [ring of dexterity]

   Dex:       It affects your dexterity (+6).
   rC:        It protects you from cold.
   rPois:     It protects you from poison.
   rN:        It protects you from negative energy.
 W - the ring "Enamiys" (left hand) {rF+ Will++ AC+4}
   (You found it on level 3 of the Swamp)

   [ring of protection]

   AC:        It affects your AC (+4).
   rF:        It protects you from fire.
   Will:      It greatly increases your willpower.
Wands
 d - a wand of mindburst (30)
 w - a wand of roots (27)
 D - a wand of digging (8)
 H - a wand of flame (77)
 O - a wand of polymorph (13)
 R - a wand of charming (22)
Scrolls
 c - a scroll of fear
 e - 4 scrolls of silence
 g - 2 scrolls of vulnerability
 h - 3 scrolls of immolation
 l - 21 scrolls of teleportation
 p - 3 scrolls of magic mapping
 C - 5 scrolls of butterflies
 F - 3 scrolls of enchant weapon
Potions
 b - 13 potions of curing
 f - 8 potions of resistance
 m - 6 potions of berserk rage
 t - a potion of mutation
 v - 4 potions of might
 S - 6 potions of invisibility
 T - a potion of haste
 U - 10 potions of ambrosia
Miscellaneous
 A - a tin of tremorstones (2/2)
 P - a phantom mirror
 Y - a phantom mirror


   Skills:
 + Level 24.3 Fighting
 - Level 19.4(21.8) Axes
 + Level 16.8(20.5) Polearms
 - Level 17.2 Throwing
 O Level 27 Armour
 - Level 23.1 Dodging
 - Level 5.4 Stealth
 + Level 21.2 Shields
 - Level 12.3 Evocations


You had 25 spell levels left.
You didn't know any spells.
Your spell library was empty.

Dungeon Overview and Level Annotations

Branches:
Dungeon (15/15)            Temple (0/1) D:6            Lair (5/5) D:10
  Swamp (4/4) Lair:3       Spider (4/4) Lair:2        Slime (5/5) Lair:5
    Orc (2/2) D:12            Elf (3/3) Orc:2        Vaults (4/5) D:14
  Crypt (0/3) Vaults:2     Depths (4/4) D:15            Zot (5/5) Depths:4

Altars:
Fedhas
Gozag
Kikubaaqudgha
Makhleb
Qazlal
Ru
Sif Muna
Vehumet
Wu Jian
Xom
Yredelemnul
The Shining One
Jiyva

Shops:
D:5 [   Orc:2 ([[   Elf:1 *   Elf:2 *   Depths:1 ((=(   Depths:3 :=:
Depths:4 (

Portals:
Hell: Depths:1 Depths:2 Depths:3 Depths:4
Abyss: Depths:3
Pandemonium: Depths:2
Ziggurat: Depths:4

Annotations:
D:7 1 runed translucent door, Crazy Yiuf
D:10 exclusions: downstairs, oklob plant and 1 more exclusion
Elf:2 3 runed translucent doors
Elf:3 2 transporters, exclusions: door and orange crystal statue, BenOfMilam's ghost, adept DsBe
Depths:3 1 runed translucent door


Innate Abilities, Weirdness & Mutations

You have a pair of horns on your head.
You reflexively headbutt those who attack you in melee.
You are partially covered in iridescent scales. (AC +2)
You occasionally shout uncontrollably at your foes.
You occasionally lose the ability to drink potions when taking damage.
You expend magic power (3 MP) to strengthen your wands.
You have terrible hidden genetic defects.


Message History

You headbutt the Orb Guardian, but do no damage.
The Orb Guardian is moderately wounded.
You block the Orb Guardian's attack.
You puncture the Orb Guardian! Your headbutt misses the Orb Guardian.
The Orb Guardian is moderately wounded.
You block the Orb Guardian's attack.
You hit the Orb Guardian but do no damage.
Your headbutt misses the Orb Guardian.
The Orb Guardian is moderately wounded.
The Orb Guardian hits you but does no damage.
A sixfirhy comes into view.
You hit the Orb Guardian. You headbutt the Orb Guardian!
The Orb Guardian is heavily wounded.
The Orb Guardian closely misses you.
You impale the Orb Guardian!!
You headbutt the Orb Guardian, but do no damage.
The Orb Guardian is almost dead.
You block the Orb Guardian's attack.
Some rock shatters into small pieces.
A cacodemon comes into view.
You puncture the Orb Guardian!
You kill the Orb Guardian!
Trog accepts your kill. The sixfirhy misses you.
A red devil comes into view. It is wielding a +0 trident.
A tormentor comes into view.
You hit the tormentor.
The tormentor convulses.
The tormentor is haunted by guilt!
You headbutt the tormentor.
The tormentor is moderately wounded.
You block the sixfirhy's attack. The sixfirhy closely misses you.
You furiously retaliate!
You headbutt the sixfirhy! You block the tormentor's attack. x2
You block the sixfirhy's attack. x3; The sixfirhy hits you.
The sixfirhy shocks you. You resist.
The tormentor hits you but does no damage.
The tormentor misses you. You block the tormentor's attack. x2
You block the tormentor's attack. x4
There is a staircase leading out of the dungeon here.
The sixfirhy closely misses you.
You have escaped!

#.##.....................##.#####
#.##.....###############.##......
#.##.....#.............#.#####.##
#.#......#.............#.# #....#
#.#.#....#.............#.###....#
..#.#....#######'#######........#
.........#.............#.#......#
###).....'⌠....###....⌠'.........
#......#......@3224..#.#......#
###..###.#..⌠...>...⌠..#...#....#
.......#.###'#######'###.#.#....#
######...................#.#....#
##................###.#....#
####....########.....####.# ##
#....# #..#### #.÷ .#
#....########.[.# ### .#
#...........##..#######


You could see a cacodemon, a sixfirhy, a tormentor (anguished) and a red devil.

Vanquished Creatures
  the Royal Jelly (Slime:5)
  4 dread liches
  4 orbs of fire
  A juggernaut (Depths:3)
  4 Killer Klowns
  Vv (Zot:1)
  5 curse toes
  14 golden dragons
  5 electric golems
  Rupert (D:15)
  A Hell Sentinel (D:7)
  2 liches
  15 tentacled monstrosities
  26 Orb Guardians
  8 quicksilver dragons
  A walking frostbound tome (Depths:4)
  2 titans
  2 deep elf master archers (Elf:3)
  2 deep elf blademasters (Elf:3)
  20 acid blobs
  4 sphinxes
  10 death cobs
  A tengu reaver (Depths:4)
  8 shadow dragons
  14 storm dragons
  Kirke (Spider:1)
  A thorn hunter (Swamp:4)
  A fenstrider witch (Swamp:3)
  A draconian monk (Zot:4)
  A fire giant (Depths:2)
  10 azure jellies
  8 emperor scorpions
  11 rockslimes
  3 frost giants
  6 deep elf sorcerers (Elf:3)
  A deep elf elementalist (Elf:3)
  3 draconian knights
  2 iron dragons (Zot:4)
  A ghost moth (Zot:4)
  5 draconian scorchers
  18 vault wardens
  4 draconian stormcallers
  5 draconian shifters
  A spectral juggernaut (Depths:4)
  5 orc warlords
  A spriggan defender (Depths:3)
  A war gargoyle (Vaults:1)
  7 quicksilver oozes
  3 broodmothers
  16 very ugly things
  8 ironbound thunderhulks
  6 draconian annihilators
  11 stone giants
  9 ironbound preservers
  11 deep elf annihilators
  3 eleionomae
  Nessos (D:13)
  4 deep elf demonologists
  15 dire elephants
  A caustic shrike skeleton (Depths:1)
  12 entropy weavers
  11 white draconians
  9 green draconians
  15 red draconians
  2 bunyips
  13 black draconians
  18 spark wasps
  11 yellow draconians
  14 purple draconians
  4 deep elf death magi (Elf:3)
  6 ettins
  A crystal guardian (Vaults:4)
  15 great orbs of eyes
  Josephine (D:13)
  A quicksilver dragon zombie (Depths:1)
  10 yaktaur captains
  2 shambling mangroves (Swamp:2)
  10 fire dragons
  2 rakshasas
  2 peacekeepers
  25 hydras
  20 vault guards
  19 boulder beetles
  7 ice dragons
  2 jorogumos
  A spriggan skeleton (D:15)
  2 spriggan air magi
  10 ironbound frosthearts
  2 catoblepae
  2 radroaches (Spider:3)
  29 centaur warriors
  The ghost of drewk1942 the Thaumaturge, a journeyman OpCj of Sif Muna (Lair:1)
  9 tengu warriors
  3 ghost crabs
  19 dancing weapons
  13 two-headed ogres
  An ogre mage (D:15)
  9 alligators
  6 deep troll shamans
  A titan zombie (D:15)
  5 deep troll earth magi
  An orc high priest (Elf:3)
  5 death yaks (Lair:5)
  4 spriggan berserkers (Depths:3)
  4 hell knights (Depths:2)
  3 iron trolls
  A sun moth (Spider:4)
  9 deep elf knights
  A sun demon (D:9)
  A death drake (Zot:5)
  5 goliath frogs
  7 skeletal warriors
  4 pharaoh ants
  11 steelbarb worms
  Lodul (D:13)
  28 deep trolls
  4 orb spiders
  2 flayed ghosts
  13 swamp dragons
  6 deep elf archers
  A swamp dragon (shapeshifter) (Elf:1)
  2 glowing orange brains
  15 ironbound convokers
  3 spriggan druids
  7 bog bodies
  3 necromancers
  9 wizards
  Pikel (D:8)
  An obsidian statue (Zot:5)
  8 lindwurms
  19 deep elf pyromancers
  2 phantasmal warriors
  14 orc knights
  22 deep elf zephyrmancers
  6 mana vipers (Depths:3)
  2 shining eyes
  A frost giant zombie (D:15)
  A tengu skeleton (Depths:1)
  4 orc sorcerers
  4 manticores
  A stone giant zombie (D:15)
  12 wolf spiders
  45 ugly things
  A salamander (Depths:4)
  A frost giant skeleton (Depths:1)
  2 will-o-the-wisps
  9 cyclopes
  8 elephants (Lair:5)
  A fire giant skeleton (Depths:1)
  20 vault sentinels
  35 moths of wrath
  5 black mambas
  2 water nymphs (Swamp:2)
  Joseph (D:8)
  2 smoke demons
  2 molten gargoyles (Lair:5)
  10 cane toads
  2 eyes of devastation (Slime:5)
  2 gargoyles
  4 torpor snails
  Maggie (D:8)
  2 unseen horrors
  3 rime drakes
  A kobold demonologist (D:12)
  9 demonic crawlers
  2 freezing wraiths
  11 komodo dragons
  27 yaktaurs
  6 tengu conjurers
  9 trolls
  A bloated husk (Swamp:2)
  11 meliai
  20 tarantellas
  4 blink frogs (Lair:1)
  12 tyrant leeches
  11 hornets
  98 slime creatures
  18 jumping spiders
  An air elemental (Elf:1)
  9 dream sheep
  10 spriggans
  7 culicivoras
  A vampire (D:9)
  6 wyverns
  56 yaks
  2 water elementals
  4 wraiths
  7 basilisks
  5 steam dragons
  3 fire elementals (Elf:2)
  A hog (Spider:1)
  4 fire bats (D:13)
  21 vampire mosquitoes
  17 golden eyes
  59 redbacks
  A chaos spawn (D:15)
  18 swamp worms
  11 wargs
  3 acid dragons
  8 hell hounds
  14 water moccasins
  8 swamp drakes (Swamp:4)
  An ice beast (D:4)
  36 orc warriors
  5 black bears
  15 wolves
  11 ogres
  2 boggarts (D:14)
  6 centaurs
  3 lemures (D:8)
  3 phantoms
  4 kobold brigands
  2 necrophages
  A gnoll sergeant (D:9)
  9 bullfrogs
  4 earth elementals
  A scorpion (D:6)
  A wight (D:9)
  A killer bee (D:9)
  A troll skeleton (Swamp:4)
  2 troll zombies (Swamp:4)
  7 electric eels
  6 lava snakes
  10 howler monkeys
  A gnoll bouda (D:7)
  17 jellies
  21 orc priests
  5 hounds
  4 iguanas
  29 orc wizards
  11 gnolls
  9 adders
  A shadow imp (D:7)
  An ufetubus (D:5)
  A worm (D:5)
  A dart slug (D:1)
  88 orcs
  7 ball pythons
  9 endoplasms
  8 giant cockroaches
  7 goblins
  12 hobgoblins
  11 jackals
  5 kobolds
  3 quokkas
  2 bats (D:1)
  7 frilled lizards
  12 rats
  3 fire vortices (D:13)
2014 creatures vanquished.

Vanquished Creatures (collateral kills)
  Dissolution (Slime:2)
  A juggernaut (Depths:2)
  the Lernaean hydra (Swamp:4)
  Parghit (Depths:3)
  2 golden dragons (Depths:2)
  2 walking earthen tomes (Depths:2)
  A titan (Depths:2)
  2 acid blobs
  A storm dragon (Depths:4)
  A tengu reaver (Depths:2)
  A fire giant (Depths:2)
  A rockslime (Slime:5)
  A vault warden (Vaults:1)
  A deep elf elementalist (Elf:3)
  2 draconian stormcallers (Zot:4)
  A draconian annihilator (Zot:1)
  An ironbound thunderhulk (Vaults:1)
  3 quicksilver oozes (Slime:5)
  A deep elf demonologist (Elf:3)
  A spark wasp (Depths:2)
  A deep elf annihilator (Elf:3)
  An eidolon (Elf:2)
  A fire dragon (Depths:2)
  A deep elf death mage (Elf:3)
  A yaktaur captain (Vaults:1)
  2 great orbs of eyes
  A spriggan air mage (Depths:2)
  A vault guard (Vaults:4)
  A centaur warrior (Vaults:1)
  A tengu warrior (Depths:2)
  A dancing weapon (Elf:3)
  2 iron trolls (Depths:3)
  2 deep trolls (Depths:3)
  A glowing orange brain (Vaults:3)
  2 deep elf archers (Elf:2)
  2 swamp dragons (Swamp:4)
  2 ironbound convokers
  An orc knight (Vaults:3)
  2 ugly things
  A shining eye (Slime:5)
  A vault sentinel (Vaults:4)
  4 yaktaurs
  A troll (shapeshifter) (Depths:2)
  2 slime creatures (Slime:5)
  A hornet (D:9)
  A dream sheep (Lair:2)
  A wyvern (D:9)
  A yak (D:9)
  A golden eye (Elf:2)
  A swamp drake (Swamp:4)
  A kobold brigand (D:9)
  A killer bee (D:9)
  A kobold (D:9)
70 creatures vanquished.

Vanquished Creatures (others)
  An orb of fire (Zot:5)
  An ancient lich (Zot:5)
  A juggernaut (Depths:4)
  A Killer Klown (Zot:5)
  2 curse toes
  A tentacled monstrosity (Swamp:3)
  2 Orb Guardians (Zot:5)
  4 quicksilver dragons
  A titan (Depths:2)
  3 death cobs
  3 storm dragons
  A shadow dragon (Depths:4)
  2 draconian monks (Zot:2)
  3 frost giants
  A draconian knight (Zot:2)
  A draconian scorcher (Zot:4)
  2 fire giants
  2 orc warlords (Depths:3)
  A draconian annihilator (Zot:4)
  A very ugly thing (Vaults:4)
  2 green draconians
  A yellow draconian (Zot:2)
  A red draconian (Zot:2)
  A spark wasp (Depths:2)
  A purple draconian (Zot:4)
  3 ettins
  A boulder beetle (Vaults:2)
  An ice dragon (Depths:2)
  2 ironbound frosthearts (Vaults:1)
  A yaktaur captain (Vaults:1)
  A hydra (Swamp:4)
  A centaur warrior (Vaults:1)
  2 iron trolls (Depths:3)
  A deep troll (Depths:4)
  An ugly thing (Depths:1)
  2 deep elf zephyrmancers
  A moth of wrath (Zot:4)
  A bloated husk (Swamp:1)
  3 slime creatures (Vaults:1)
  4 humans (Spider:1)
  A redback (Spider:2)
  A swamp drake (Swamp:4)
  An orc wizard (Orc:2)
  3 bushes
  12 foxfires
  21 fungi
  61 plants
  10 withered plants (D:15)
175 creatures vanquished.

Grand Total: 2259 creatures vanquished

Notes
Turn   | Place    | Note
-------+----------+-------------------------------------------
     0 | D:1      | roguespy the Minotaur Berserker began the quest for the
                  | Orb.
     0 | D:1      | Reached XP level 1. HP: 19/19 MP: 0/0
     2 | D:1      | Found a runed translucent door.
   219 | D:1      | Reached XP level 2. HP: 25/27 MP: 1/1
   859 | D:1      | Reached skill level 3 in Armour
   863 | D:1      | Reached XP level 3. HP: 29/33 MP: 2/2
  1061 | D:1      | Found a faded altar of an unknown god.
  1215 | D:1      | Reached ** piety under Trog
  1710 | D:2      | Reached XP level 4. HP: 41/41 MP: 3/3
  2749 | D:3      | Reached skill level 1 in Throwing
  2749 | D:3      | Reached XP level 5. HP: 47/47 MP: 4/4
  2898 | D:3      | Reached *** piety under Trog
  3146 | D:4      | Noticed an ice beast
  3163 | D:4      | Reached skill level 4 in Armour
  3165 | D:4      | Killed an ice beast
  3166 | D:4      | Reached skill level 5 in Fighting
  3166 | D:4      | Reached skill level 5 in Axes
  3166 | D:4      | Reached XP level 6. HP: 56/56 MP: 5/5
  3839 | D:4      | Reached XP level 7. HP: 60/61 MP: 6/6
  4006 | D:4      | Found a blossoming altar of Fedhas.
  4134 | D:5      | Entered Level 5 of the Dungeon
  4241 | D:5      | Reached skill level 5 in Armour
  4267 | D:5      | Found Ciugia Rihe's Antique Armour Shop.
  4278 | D:5      | Bought a pair of faintly glowing gloves for 247 gold pieces
  4278 | D:5      | Identified the +4 pair of gloves of the Pit {Regen+ Dex-5
                  | Slay+3} (You bought it in a shop on level 5 of the Dungeon)
  4392 | D:5      | Found a burning altar of Makhleb.
  4392 | D:5      | Found a basalt altar of Yredelemnul.
  4392 | D:5      | Found a shimmering blue altar of Sif Muna.
  4392 | D:5      | Found a glowing golden altar of the Shining One.
  4400 | D:5      | Found a sacrificial altar of Ru.
  4405 | D:5      | Found an ornate altar of the Wu Jian Council.
  4973 | D:6      | Reached skill level 5 in Dodging
  4973 | D:6      | Reached XP level 8. HP: 53/70 MP: 7/7
  5453 | D:6      | Found a staircase to the Ecumenical Temple.
  5496 | D:6      | Reached skill level 1 in Evocations
  5940 | D:7      | Reached skill level 6 in Armour
  6064 | D:7      | You fall into a shaft and drop 2 floors!
  6228 | D:9      | Reached XP level 9. HP: 63/79 MP: 8/8
  6538 | D:8      | Paralysed by a hornet for 3 turns
  6634 | D:8      | Noticed a two-headed ogre
  6636 | D:8      | Noticed Joseph
  6723 | D:9      | Reached skill level 5 in Throwing
  6723 | D:9      | Reached skill level 7 in Armour
  6907 | D:9      | Found a stormy altar of Qazlal.
  6918 | D:9      | Noticed a troll
  6930 | D:9      | Killed a troll
  7096 | D:9      | Noticed a deep elf pyromancer
  7104 | D:9      | Killed a deep elf pyromancer
  7227 | D:9      | Noticed a two-headed ogre
  7237 | D:9      | Killed a two-headed ogre
  7238 | D:9      | Reached XP level 10. HP: 89/89 MP: 9/9
  7354 | D:9      | Noticed a boulder beetle
  7546 | D:7      | Reached skill level 8 in Armour
  7787 | D:7      | Found a runed translucent door.
  7788 | D:7      | Noticed Crazy Yiuf
  8414 | D:8      | Noticed a boulder beetle
  8425 | D:8      | Killed a boulder beetle
  8431 | D:8      | Noticed Pikel
  8441 | D:8      | Killed Pikel
  8533 | D:8      | Killed a two-headed ogre
  8668 | D:8      | Killed Joseph
  8669 | D:8      | Reached skill level 9 in Armour
  8736 | D:8      | Noticed Maggie
  8752 | D:8      | Killed Maggie
  8800 | D:8      | Identified 3 scrolls of acquirement
  8801 | D:8      | Acquired a manual of Armour
  8802 | D:8      | Acquired the +5 swamp dragon scales "Rausch" {+Blink rPois
                  | Will+ rCorr Stlth+}
  8973 | D:8      | Acquired the ring of the Scavenger {rF+ Will+ Str+6 Dex+2}
  9476 | D:9      | Killed a boulder beetle
  9477 | D:9      | Reached XP level 11. HP: 99/99 MP: 10/10
  9533 | D:9      | Reached skill level 10 in Fighting
  9533 | D:9      | Reached skill level 10 in Axes
  9533 | D:9      | Reached skill level 10 in Armour
  9556 | D:9      | Reached **** piety under Trog
  9662 | D:9      | Noticed a two-headed ogre
  9667 | D:9      | Killed a two-headed ogre
  9668 | D:9      | Reached skill level 11 in Armour
  9671 | D:9      | Noticed a purple ugly thing
  9673 | D:9      | Noticed a cyan ugly thing
  9676 | D:9      | Killed a white ugly thing
  9676 | D:9      | Noticed a centaur warrior
  9680 | D:9      | Killed a centaur warrior
  9685 | D:9      | Killed a purple ugly thing
 10043 | D:10     | Entered Level 10 of the Dungeon
 10137 | D:10     | Noticed a two-headed ogre
 10142 | D:10     | Killed a two-headed ogre
 10143 | D:10     | Reached skill level 12 in Armour
 10226 | D:10     | Noticed a two-headed ogre
 10244 | D:10     | Killed a two-headed ogre
 10265 | D:10     | Reached skill level 10 in Dodging
 10584 | D:10     | Noticed an oklob plant
 10999 | D:10     | Found a staircase to the Lair.
 11082 | Lair:1   | Entered Level 1 of the Lair of Beasts
 11104 | Lair:1   | Reached XP level 12. HP: 110/110 MP: 11/11
 11286 | Lair:1   | Noticed a boulder beetle
 11295 | Lair:1   | Killed a boulder beetle
 11296 | Lair:1   | Reached skill level 13 in Armour
 11377 | Lair:1   | Reached skill level 5 in Evocations
 11576 | Lair:1   | Found a large runed translucent door.
 11576 | Lair:1   | Found a large runed translucent door.
 11578 | Lair:1   | Noticed drewk1942's ghost (journeyman OpCj)
 11933 | Lair:1   | Killed drewk1942's ghost
 11933 | Lair:1   | Reached ***** piety under Trog
 12789 | Lair:2   | Found a hole to the Spider Nest.
 13263 | Lair:3   | Reached skill level 14 in Armour
 13795 | Lair:3   | Noticed a six-headed hydra
 13803 | Lair:3   | Killed a nine-headed hydra
 13807 | Lair:3   | Reached XP level 13. HP: 119/119 MP: 12/12
 14219 | Lair:4   | Received a gift from Trog
 14560 | Lair:4   | Reached skill level 15 in Armour
 14622 | Lair:4   | Identified the +0 rapier "Kigg" {holy, rN++ Int-3 Stlth+}
 14944 | Lair:4   | Found a shimmering altar of Xom.
 15063 | Lair:5   | Entered Level 5 of the Lair of Beasts
 15249 | Lair:5   | Found a staircase to the Slime Pits.
 15249 | Lair:5   | Found a viscous altar of Jiyva.
 15912 | Lair:5   | Reached skill level 16 in Armour
 15991 | Lair:5   | Received a gift from Trog
 16119 | Lair:5   | Reached XP level 14. HP: 103/129 MP: 13/13
 16186 | Lair:5   | Found a large runed translucent door.
 16187 | Lair:5   | Found a large runed translucent door.
 17577 | D:11     | Identified the +3 steam dragon scales of the Distant Future
                  | {Harm rPois Dex+3}
 18039 | D:12     | Found a staircase to the Orcish Mines.
 18419 | D:12     | Found a portal to a secret trove of treasure.
 18557 | Orc:1    | Entered Level 1 of the Orcish Mines
 18967 | Orc:1    | Received a gift from Trog
 19043 | Orc:2    | Entered Level 2 of the Orcish Mines
 19053 | Orc:1    | Reached skill level 17 in Armour
 19204 | Orc:2    | Found a staircase to the Elven Halls.
 19265 | Orc:2    | Received a gift from Trog
 19367 | Orc:2    | Noticed an orc warlord
 19384 | Orc:2    | Killed an orc warlord
 19469 | Orc:2    | Found Fejaogy's Antique Armour Emporium.
 19473 | Orc:2    | Found Itifo's Antique Weapon Shoppe.
 19798 | Orc:2    | Reached skill level 10 in Throwing
 19873 | Orc:2    | Found Onoecast's Armour Boutique.
 19894 | Orc:2    | Bought +0 storm dragon scales for 880 gold pieces
 19938 | Orc:2    | Bought a runed scarf for 256 gold pieces
 20199 | D:13     | Noticed Lodul
 20205 | D:13     | Killed Lodul
 20474 | D:13     | Received a gift from Trog
 20506 | D:13     | Reached XP level 15. HP: 129/139 MP: 14/14
 20704 | D:13     | Noticed Nessos
 20712 | D:13     | Killed Nessos
 21028 | D:13     | Noticed Josephine
 21052 | D:13     | Killed Josephine
 21669 | D:14     | Identified the ring of Amap {rElec rF+ Will+ rCorr Dex+2}
 21812 | D:14     | Found a gate to the Vaults.
 21906 | D:14     | Reached skill level 15 in Axes
 21906 | D:14     | Reached skill level 18 in Armour
 22102 | D:14     | Reached skill level 1 in Shields
 22301 | D:14     | Found a stormy altar of Qazlal.
 22667 | D:12     | You paid a toll of +5 storm dragon scales to enter a
                  | treasure trove
 22668 | Trove    | Entered a treasure trove
 22674 | Trove    | Identified the amulet "Rora" {Acrobat Fly rC- Str+3}
 22682 | Trove    | Identified the amulet of Soadgh {Faith *Corrode Will+
                  | Stlth+}
 22686 | Trove    | Identified the ring "Jeqinn" {Will+ rCorr MP+9 Str+3 Int-3}
 22688 | Trove    | Identified the ring of Karys {rCorr Int+3 SInv}
 22690 | Trove    | Identified the amulet "Qoaptog" {Regen+ Int+2}
 22692 | Trove    | Identified the amulet of Posawafo {Acrobat Slay+2}
 22694 | Trove    | Identified the ring of False Pretenses {rPois rC+ rN+
                  | Dex+6}
 22696 | Trove    | Identified the amulet "Cylusch" {Faith *Slow Regen+ rCorr}
 22700 | Trove    | Identified the ring of Ockut {rPois AC+4 Int-2 Dex+3}
 22818 | D:15     | Entered Level 15 of the Dungeon
 23044 | D:15     | Noticed Rupert
 23062 | D:15     | Killed Rupert
 23063 | D:15     | Reached skill level 5 in Shields
 23515 | D:15     | Found a staircase to the Depths.
 24315 | Spider:1 | Entered Level 1 of the Spider Nest
 24333 | Spider:1 | Reached skill level 15 in Fighting
 24382 | Spider:1 | Received a gift from Trog
 24475 | Spider:1 | Reached XP level 16. HP: 140/149 MP: 15/15
 24840 | Spider:1 | Noticed Kirke
 24845 | Spider:1 | Killed Kirke
 25927 | Spider:2 | Received a gift from Trog
 26347 | Spider:2 | Identified the +8 long sword of Ravage {vorpal, Str+2 Dex-3
                  | Stlth+}
 26719 | Spider:3 | Reached skill level 1 in Stealth
 27067 | Spider:3 | Received a gift from Trog
 27263 | Spider:4 | Entered Level 4 of the Spider Nest
 27565 | Spider:4 | Reached skill level 10 in Evocations
 27669 | Spider:4 | Reached XP level 17. HP: 158/158 MP: 16/16
 28091 | Spider:4 | Found the +3 crown of Dyrovepreva {rElec Int+2 SInv}
 28108 | Spider:4 | Got a gossamer rune of Zot
 28485 | Spider:4 | Received a gift from Trog
 28682 | Lair:3   | Found a staircase to the Swamp.
 28695 | Swamp:1  | Entered Level 1 of the Swamp
 28708 | Swamp:1  | Reached ****** piety under Trog
 29425 | Swamp:2  | Reached skill level 19 in Armour
 29654 | Swamp:2  | Received a gift from Trog
 29945 | Swamp:3  | Identified the ring "Enamiys" {rF+ Will++ AC+4}
 30079 | Swamp:3  | Noticed a tentacled monstrosity
 30130 | Swamp:3  | Killed a tentacled monstrosity
 30268 | Swamp:3  | Identified the +1 plate armour "Qophis" {Rampage}
 30557 | Swamp:4  | Entered Level 4 of the Swamp
 30604 | Swamp:4  | Reached skill level 10 in Shields
 30777 | Swamp:4  | Reached XP level 18. HP: 146/168 MP: 17/17
 30977 | Swamp:4  | Reached skill level 5 in Stealth
 31002 | Swamp:4  | Reached skill level 15 in Dodging
 31005 | Swamp:4  | Noticed the 27-headed Lernaean hydra
 31014 | Swamp:4  | Killed the 27-headed Lernaean hydra
 31215 | Swamp:4  | Got a decaying rune of Zot
 32074 | Elf:1    | Entered Level 1 of the Elven Halls
 32079 | Elf:1    | Paralysed by an air elemental for 1 turns
 32090 | Elf:1    | Received a gift from Trog
 32852 | Elf:1    | Found Eryir's Assorted Antiques.
 32863 | Elf:1    | Bought a scroll of brand weapon for 294 gold pieces
 32885 | Elf:1    | Bought a scroll of teleportation for 93 gold pieces
 32885 | Elf:1    | Bought a scroll of identify for 62 gold pieces
 32885 | Elf:1    | Bought a potion of curing for 93 gold pieces
 32885 | Elf:1    | Bought a wand of flame (6) for 130 gold pieces
 33280 | Elf:2    | Found a radiant altar of Vehumet.
 33296 | Elf:2    | Found Qisiplay's General Store.
 33302 | Elf:2    | Received a gift from Trog
 33338 | Elf:2    | Found a runed translucent gate.
 33338 | Elf:2    | Found a runed translucent gate.
 33339 | Elf:2    | Found a runed translucent gate.
 34088 | Elf:3    | Entered Level 3 of the Elven Halls
 34323 | Elf:3    | Noticed BenOfMilam's ghost (adept DsBe)
 34324 | Elf:3    | Found a transporter.
 34345 | Elf:3    | Found a transporter.
 34516 | Elf:3    | Found a frozen archway.
 34656 | Elf:3    | Received a gift from Trog
 34683 | Elf:3    | Identified the +0 long sword of the Healing Lamprey {venom,
                  | Contam rPois rN+}
 34719 | Elf:3    | Noticed a Tzitzimitl
 34738 | Elf:3    | Reached XP level 19. HP: 111/177 MP: 6/18
 34822 | Elf:3    | Identified the +5 leather armour "Woutt" {rC+ Dex+3}
 34843 | Elf:3    | Reached skill level 20 in Armour
 34844 | Elf:3    | Found the +8 trishula "Condemnation" {holy, anguish, *Noise
                  | Fly rN+}
 34874 | Elf:3    | Noticed a Brimstone Fiend
 34877 | Elf:3    | HP: 5/177 [deep elf master archer/arrow (5)]
 34877 | Elf:3    | HP: 2/177 [deep elf annihilator/+2 rapier of speed (3)]
 35054 | Elf:3    | Identified the amulet "Woapniju" {Faith +Blink Int-3
                  | Slay+2}
 35087 | Elf:3    | Identified the +1 chain mail of the Gloaming {rPois rF+++
                  | rC-}
 35131 | Elf:3    | Identified the +5 scale mail of Impatience {Contam rF++
                  | Int+4}
 35212 | Elf:3    | Identified the +8 mace of Foolhardiness {vorpal, Dex+6}
 35220 | Elf:3    | Identified the +9 short sword of Ruxomam {protect, rN+}
 35620 | Elf:3    | Identified the +6 dagger "Pippi" {speed, Int+4}
 35843 | Vaults:1 | Entered Level 1 of the Vaults
 36029 | Vaults:1 | Reached skill level 1 in Polearms
 36063 | Vaults:1 | Identified the +10 broad axe "Tyulamoi" {vorpal, rElec rN+
                  | Str-5 Stlth+} (Trog gifted it to you on level 1 of the
                  | Vaults)
 36063 | Vaults:1 | Received a gift from Trog
 36907 | Vaults:1 | Identified the +3 scimitar "Ovoadiq" {holy, Dex+2}
 36911 | Vaults:1 | Identified the +4 hand axe of Trog's Outrage {vorpal,
                  | Str+2} (Trog gifted it to you on level 1 of the Vaults)
 36911 | Vaults:1 | Received a gift from Trog
 37641 | Vaults:1 | Reached XP level 20. HP: 159/187 MP: 19/19
 38061 | Vaults:2 | Found a staircase to the Crypt.
 38061 | Vaults:2 | Found an ancient bone altar of Kikubaaqudgha.
 38062 | Vaults:2 | Found a basalt altar of Yredelemnul.
 38224 | Vaults:2 | Received a gift from Trog
 38589 | Vaults:2 | Reached skill level 5 in Polearms
 40134 | Vaults:3 | Reached skill level 21 in Armour
 40388 | Vaults:3 | You fall into a shaft and drop 1 floor!
 40719 | Vaults:4 | Received a gift from Trog
 40891 | Vaults:4 | Reached XP level 21. HP: 198/198 MP: 20/20
 42806 | Vaults:4 | Reached skill level 15 in Shields
 43460 | Depths:1 | Entered Level 1 of the Depths
 43555 | Depths:1 | Found a gateway to Hell.
 43672 | Depths:1 | Found an opulent altar of Gozag.
 44054 | Depths:1 | Found Muletug's Jewellery Boutique.
 44057 | Depths:1 | Found Myracan's Weapon Boutique.
 44057 | Depths:1 | Found Tamaucro's Weapon Shop.
 44069 | Depths:1 | Found Qiepelofro's Antique Weapon Shop.
 44081 | Depths:1 | Bought 6 silver boomerangs for 126 gold pieces
 44366 | Depths:2 | Found a one-way gate leading to the halls of Pandemonium.
 44389 | Depths:2 | Reached skill level 22 in Armour
 44414 | Depths:2 | Received a gift from Trog
 45341 | Depths:2 | Noticed a golden dragon
 45353 | Depths:2 | Killed a golden dragon
 45582 | Depths:2 | Noticed a golden dragon
 45587 | Depths:2 | Noticed a juggernaut
 45588 | Depths:2 | Killed a golden dragon
 45589 | Depths:2 | Reached XP level 22. HP: 187/209 MP: 21/21
 45595 | Depths:2 | Killed a juggernaut
 45595 | Depths:2 | Received a gift from Trog
 45672 | Depths:2 | Noticed a golden dragon
 45681 | Depths:2 | Killed a golden dragon
 45768 | Depths:2 | Identified the +0 leather armour of the Pure Ziggurats
                  | {rC+++ rCorr Int-5 SInv}
 45815 | Depths:2 | Noticed a golden dragon
 45821 | Depths:2 | Killed a golden dragon
 46178 | Depths:3 | Found a one-way gate to the infinite horrors of the Abyss.
 46288 | Depths:3 | Noticed Parghit
 46321 | Depths:3 | Killed Parghit
 46612 | Depths:3 | Found a runed translucent door.
 46612 | Depths:3 | Noticed a dread lich
 46713 | Depths:3 | Acquired the +1 hat of a wizard's laboratory {-Cast rF++}
 46926 | Depths:3 | Found Kidghuma's Book Boutique.
 46926 | Depths:3 | Found Fufaot's Jewellery Emporium.
 46927 | Depths:3 | Found Jonuyxki's Book Boutique.
 46940 | Depths:3 | Bought a manual of Armour for 1360 gold pieces
 47361 | Depths:3 | Found a runed translucent door.
 47776 | Depths:3 | Identified the +5 war axe "Xom's Bemusement" {protect, rF+}
 47806 | Depths:4 | Entered Level 4 of the Depths
 47834 | Depths:4 | Noticed a juggernaut
 47863 | Depths:3 | Killed a juggernaut
 47864 | Depths:3 | Reached skill level 23 in Armour
 47962 | Depths:4 | Noticed a golden dragon
 47978 | Depths:4 | Killed a golden dragon
 48112 | Depths:4 | Found a one-way gateway to a ziggurat.
 48131 | Depths:4 | Noticed a juggernaut
 48133 | Depths:4 | Reached skill level 10 in Polearms
 48271 | Depths:4 | Killed a juggernaut
 48322 | Depths:4 | Reached skill level 15 in Throwing
 48558 | Depths:4 | Noticed a golden dragon
 48579 | Depths:4 | Killed a golden dragon
 48579 | Depths:4 | Noticed a golden dragon
 48594 | Depths:4 | Killed a golden dragon
 48601 | Depths:4 | Reached XP level 23. HP: 148/220 MP: 22/22
 48811 | Depths:4 | Found a gate to the Realm of Zot.
 48944 | Depths:4 | Found Kakh's Antique Weapon Shoppe.
 48994 | Depths:4 | Found a basalt altar of Yredelemnul.
 49549 | Slime:1  | Entered Level 1 of the Pits of Slime
 49561 | Lair:5   | Received a gift from Trog
 49592 | Slime:1  | Gained mutation: You sometimes lose your temper in combat.
                  | [a shining eye]
 49619 | Slime:1  | Gained mutation: Armour fits poorly on your strangely
                  | shaped body. [a shining eye]
 49630 | Slime:2  | Noticed Dissolution
 49636 | Slime:2  | Killed Dissolution
 49935 | Slime:5  | Entered Level 5 of the Pits of Slime
 50037 | Slime:2  | Found a viscous altar of Jiyva.
 50193 | Slime:5  | Reached skill level 24 in Armour
 50290 | Slime:5  | Noticed the Royal Jelly
 50996 | Slime:5  | Gained mutation: You occasionally lose the ability to read
                  | scrolls when taking damage. [a shining eye]
 51009 | Slime:4  | Lost mutation: You sometimes lose your temper in combat.
                  | [potion of mutation]
 51009 | Slime:4  | Lost mutation: Armour fits poorly on your strangely shaped
                  | body. [potion of mutation]
 51009 | Slime:4  | Gained mutation: You are weak. (Str -2) [potion of
                  | mutation]
 51009 | Slime:4  | Gained mutation: You are dopey. (Int -2) [potion of
                  | mutation]
 51010 | Slime:4  | Lost mutation: You occasionally lose the ability to read
                  | scrolls when taking damage. [potion of mutation]
 51010 | Slime:4  | Lost mutation: You are dopey. (Int -2) [potion of mutation]
 51010 | Slime:4  | Gained mutation: You have a somewhat thin skeletal
                  | structure. (Dex +2, Stealth+) [potion of mutation]
 51010 | Slime:4  | Gained mutation: You occasionally shout uncontrollably at
                  | your foes. [potion of mutation]
 51149 | Slime:5  | Found a viscous altar of Jiyva.
 51191 | Slime:5  | Killed the Royal Jelly
 51648 | Slime:5  | Identified the +6 plate armour "Lues Wagg" {rF+ rN+ Str-5}
 51675 | Slime:5  | Got a slimy rune of Zot
 51688 | Slime:5  | Identified the +3 lajatang of Propriety {chaos, rElec}
 51691 | Slime:5  | Identified the +6 quarterstaff of Lies {vorpal, *Noise rF+
                  | rN+}
 51815 | Lair:5   | Acquired 1379 gold pieces
 52238 | Zot:1    | Entered Level 1 of the Realm of Zot
 52809 | Zot:1    | Noticed Vv
 53021 | Zot:1    | Killed Vv
 53157 | Zot:1    | Reached skill level 25 in Armour
 53171 | Zot:1    | Reached XP level 24. HP: 207/231 MP: 22/22
 54089 | Zot:2    | Received a gift from Trog
 55716 | Zot:4    | Noticed an orb of fire
 55737 | Zot:4    | Gained mutation: You are very weak. (Str -4) [an orb of
                  | fire]
 55740 | Zot:4    | Killed an orb of fire
 55752 | Zot:4    | Received a gift from Trog
 56071 | Zot:4    | Reached skill level 26 in Armour
 56777 | Zot:4    | Noticed a Killer Klown
 57123 | Zot:4    | Killed a Killer Klown
 57179 | Zot:4    | Noticed an orb of fire
 57189 | Zot:4    | Gained mutation: Your magical capacity is low. (-10% MP)
                  | [an orb of fire]
 57193 | Zot:4    | Killed an orb of fire
 57394 | Zot:4    | Reached XP level 25. HP: 235/240 MP: 19/19
 57981 | Zot:3    | You are sucked into a shaft and drop 1 floor!
 58411 | Zot:5    | Entered Level 5 of the Realm of Zot
 59149 | Zot:5    | Noticed a Killer Klown
 59174 | Zot:5    | Killed a Killer Klown
 59295 | Zot:5    | Noticed an ancient lich
 59300 | Zot:5    | Noticed an orb of fire
 59301 | Zot:5    | Killed an ancient lich
 59302 | Zot:5    | Reached skill level 15 in Polearms
 59327 | Zot:5    | Gained mutation: Armour fits poorly on your strangely
                  | shaped body. [an orb of fire]
 59332 | Zot:5    | Gained mutation: Your spells are a little easier to cast,
                  | but a little less powerful. [an orb of fire]
 59338 | Zot:5    | Noticed a dread lich
 59340 | Zot:5    | Gained mutation: You frequently scream uncontrollably at
                  | your foes. [an orb of fire]
 59341 | Zot:5    | Killed an orb of fire
 59353 | Zot:5    | Killed a dread lich
 59750 | Zot:5    | Noticed a dread lich
 59761 | Zot:5    | Noticed a Killer Klown
 59762 | Zot:5    | Noticed an orb of fire
 59768 | Zot:4    | Killed a dread lich
 59802 | Zot:5    | Gained mutation: You sometimes lose your temper in combat.
                  | [an orb of fire]
 59817 | Zot:5    | Gained mutation: You are covered in fur. (AC +1) [an orb of
                  | fire]
 59819 | Zot:5    | Killed an orb of fire
 59854 | Zot:4    | Lost mutation: You have a somewhat thin skeletal structure.
                  | (Dex +2, Stealth+) [potion of mutation]
 59854 | Zot:4    | Lost mutation: Armour fits poorly on your strangely shaped
                  | body. [potion of mutation]
 59854 | Zot:4    | Lost mutation: You are covered in fur. (AC +1) [potion of
                  | mutation]
 59854 | Zot:4    | Gained mutation: You are partially covered in iridescent
                  | scales. (AC +2) [potion of mutation]
 59858 | Zot:5    | Noticed a Killer Klown
 59863 | Zot:5    | Killed a Killer Klown
 59864 | Zot:5    | Reached skill level 27 in Armour
 59874 | Zot:5    | Killed a Killer Klown
 59900 | Zot:5    | Noticed an orb of fire
 59907 | Zot:5    | Gained mutation: Your body sometimes deteriorates upon
                  | taking damage. [an orb of fire]
 59912 | Zot:5    | Gained mutation: Your body often deteriorates upon taking
                  | damage. [an orb of fire]
 59914 | Zot:5    | Killed an orb of fire
 59949 | Zot:4    | Lost mutation: Your body often deteriorates upon taking
                  | damage. [potion of mutation]
 59949 | Zot:4    | Lost mutation: You are very weak. (Str -4) [potion of
                  | mutation]
 59949 | Zot:4    | Lost mutation: You are partially covered in iridescent
                  | scales. (AC +2) [potion of mutation]
 59949 | Zot:4    | Gained mutation: You occasionally lose the ability to read
                  | scrolls when taking damage. [potion of mutation]
 59949 | Zot:4    | Gained mutation: You occasionally lose the ability to drink
                  | potions when taking damage. [potion of mutation]
 59949 | Zot:4    | Gained mutation: Your movements are slightly less
                  | encumbered by armour. (ER -2) [potion of mutation]
 59950 | Zot:4    | Lost mutation: Your body sometimes deteriorates upon taking
                  | damage. [potion of mutation]
 59950 | Zot:4    | Lost mutation: You sometimes lose your temper in combat.
                  | [potion of mutation]
 59950 | Zot:4    | Gained mutation: You have hidden genetic defects. [potion
                  | of mutation]
 59950 | Zot:4    | Gained mutation: You are strong-willed. (Will+) [potion of
                  | mutation]
 59951 | Zot:4    | Lost mutation: Your movements are slightly less encumbered
                  | by armour. (ER -2) [potion of mutation]
 59951 | Zot:4    | Lost mutation: You frequently scream uncontrollably at your
                  | foes. [potion of mutation]
 59951 | Zot:4    | Lost mutation: You are strong-willed. (Will+) [potion of
                  | mutation]
 59951 | Zot:4    | Gained mutation: You have terrible hidden genetic defects.
                  | [potion of mutation]
 59951 | Zot:4    | Gained mutation: You are partially covered in iridescent
                  | scales. (AC +2) [potion of mutation]
 59952 | Zot:4    | Lost mutation: Your spells are a little easier to cast, but
                  | a little less powerful. [potion of mutation]
 59952 | Zot:4    | Lost mutation: You are partially covered in iridescent
                  | scales. (AC +2) [potion of mutation]
 59952 | Zot:4    | Gained mutation: You are partially covered in iridescent
                  | scales. (AC +2) [potion of mutation]
 59953 | Zot:4    | Lost mutation: You occasionally lose the ability to read
                  | scrolls when taking damage. [potion of mutation]
 59953 | Zot:4    | Lost mutation: You occasionally lose the ability to drink
                  | potions when taking damage. [potion of mutation]
 59953 | Zot:4    | Lost mutation: Your magical capacity is low. (-10% MP)
                  | [potion of mutation]
 59953 | Zot:4    | Gained mutation: You are robust. (+10% HP) [potion of
                  | mutation]
 59991 | Zot:5    | Noticed a dread lich
 59995 | Zot:5    | Noticed a Killer Klown
 60002 | Zot:5    | Killed a dread lich
 60019 | Zot:5    | Killed a Killer Klown
 60047 | Zot:5    | Noticed a dread lich
 60052 | Zot:5    | Noticed a Killer Klown
 60062 | Zot:5    | Killed a dread lich
 60758 | Zot:5    | Gained mutation: You occasionally lose the ability to read
                  | scrolls when taking damage. [hidden defects]
 60973 | Zot:5    | Reached XP level 26. HP: 279/279 MP: 22/22
 61530 | Zot:5    | Lost mutation: You are robust. (+10% HP) [potion of
                  | mutation]
 61530 | Zot:5    | Lost mutation: You occasionally lose the ability to read
                  | scrolls when taking damage. [potion of mutation]
 61530 | Zot:5    | Gained mutation: You occasionally lose the ability to drink
                  | potions when taking damage. [potion of mutation]
 61530 | Zot:5    | Gained mutation: You expend magic power (3 MP) to
                  | strengthen your wands. [potion of mutation]
 61530 | Zot:5    | Lost mutation: You are weak. (Str -2) [potion of mutation]
 61535 | Zot:5    | Got the Orb of Zot
 62120 | D:$      | Escaped with the Orb!

Illustrated notes

Levels and vault maps discovered:
D:1:      dpeg_arrival_caged_fury, layout_basic,
          hellmonk_ecumenical_altar_heavens_door, moated_statue,
          skrybe_limestone_x
D:2:      layout_loops_ring, chequers_serial_rivers_room_b,
          minmay_misc_feat_cross
D:3:      layout_basic
D:4:      layout_basic, fedhas_altar_decomposition
D:5:      layout_loops_ring, minmay_overflow_temple_hex, serial_shops,
          nicolae_stop_n_shop_1, amcnicky_mini_rare_corridor_liquid,
          hangedman_decor_clover_reticule, minmay_misc_feat_square
D:6:      layout_cave_pods, minmay_temple_entry_poolview
D:7:      layout_basic, serial_rivers, chequers_serial_rivers_micro_a,
          chequers_serial_rivers_micro_b, chequers_serial_rivers_room_b,
          chequers_serial_rivers_micro_b, chequers_serial_rivers_room_a,
          chequers_serial_rivers_small_3, uniq_crazy_yiuf_cottage
D:8:      layout_basic, kennysheep_small_square, uniq_pikel, uniq_maggie,
          uniq_joseph
D:9:      minmay_the_grid_3x3 [minmay_the_grid_minigrid_large,
          minmay_the_grid_x, minmay_the_grid_eight, minmay_the_grid_square_x,
          minmay_the_grid_tree, minmay_the_grid_mess, minmay_the_grid_expand,
          minmay_the_grid_dragon_b,
          minmay_the_grid_prize_four_corners_diamond_a], layout_loops_ring,
          mainiacjoe_overflow_alcove_1, serial_bayou, serial_bayou_lagoon_b,
          serial_bayou_crossing, serial_bayou_pond_e, serial_bayou_lagoon_a
D:10:     layout_basic, dpeg_oklobed_lair
D:11:     layout_layer_cave, kennysheep_generic_room_16
D:12:     layout_rooms, minmay_orc_entry_guard_dogs, enter_trove_3
D:13:     layout_loops_ring, hangedman_incinerator, uniq_josephine, uniq_lodul,
          uniq_nessos
D:14:     minmay_ambush_box, layout_small_grid,
          lightli_vaults_fourway_checkpoint, nicolae_qazlal_general_emergency,
          minivault_1
D:15:     gammafunk_depths_entry_grave, layout_stronghold, minmay_misc_feat_x,
          kb_tengu_band, uniq_rupert
Lair:1:   layout_gridlike, ebering_ghost_disaster_area
Lair:2:   layout_small_grid, spider_nest_entry_funnel_web,
          chequers_serial_rivers_micro_e
Lair:3:   layout_regular_city, palyth_hydra_swamp_entry
Lair:4:   layout_hall_layers, lemuel_centaur_altar, lemuel_fruit_tree,
          serial_bayou_shore_b, grunt_megastairs_2, infiniplex_staircase_pool
Lair:5:   cheibrodos_lair_end_hotspot, layout_layer_cave,
          minmay_slime_entry_jelly_boxes
Swamp:1:  layout_basic_swamp, evilmike_swamp_ruin_house_4, swamp_pool4,
          st_swamp_mini
Swamp:2:  layout_falls_marsh, nicolae_swamp_triple_paths,
          nicolae_swamp_nymph_family_reunion
Swamp:3:  layout_basic_swamp, evilmike_swamp_ruin_house_2
Swamp:4:  swamp_old_school, layout_basic_swamp, swamp_pool1,
          cheibrodos_swamp_minitomb
Spider:1: layout_chambers, uniq_kirke
Spider:2: layout_spider_delve, hangedman_spider_tarantella_strand
Spider:3: layout_spider_delve, nicolae_spider_rock_and_or_roll
Spider:4: hellmonk_spider_rune_bug_friends, nicolae_spider_baby_got_redback
Slime:1:  layout_caves, basic_altar
Slime:2:  layout_caves, basic_altar, uniq_dissolution
Slime:3:  layout_caves
Slime:4:  layout_caves
Slime:5
Orc:1:    layout_caves, basic_altar, mines5_lemuel
Orc:2:    grunt_orc_community_town_hall, layout_caves,
          grunt_orc_community_big_house_1, grunt_orc_community_big_house_1,
          grunt_orc_community_house_1, grunt_orc_community_house_1,
          grunt_orc_community_house_1, grunt_orc_community_house_3,
          grunt_orc_community_house_3
Elf:1:    cheibrodos_wizards_tower, layout_gridlike, serial_shops,
          nicolae_shop_temple_entry_statues_fountains,
          hangedman_elven_crosses_minicolossus
Elf:2:    elven_hall_of_blades_hangedman_original
          [infiniplex_blade_entry_pillars], layout_loops_corners, serial_shops,
          nicolae_stop_n_shop_1, basic_altar, hangedman_research_probablistics
Elf:3:    grunt_elf_hall_branching, layout_geoelf_grid, gammafunk_ghost_arena,
          portal_ice_cave_entry_horrid_things, minivault_15, moated_statue,
          drop_trap
Vaults:1: v_misc_2, hangedman_vaults_restitches, nicolae_vaults_network_square,
          hangedman_vaults_capsules, vaults_mumra_hex,
          vaults_dpeg_emergency_exit, hangedman_vaults_trim, st_eye,
          grunt_vaults_hallway_short, layout_vaults_omnigrid
Vaults:2: grunt_vaults_funnel, vaults_room_pool, nicolae_vaults_little_ls,
          minmay_crypt_entry_necro_gods, ontoclasm_vaults_shout,
          vaults_mumra_minichess_inversion, nicolae_vaults_circle_grid_a,
          nicolae_vaults_alarming, vaults_standard_mumra_x,
          nicolae_vaults_little_squares_2, nicolae_vaults_yaktaur_gun_rack,
          ontoclasm_vaults_ring_small, ontoclasm_vaults_decontamination,
          layout_vaults_big_cross
Vaults:3: ontoclasm_vaults_gateway, v_misc_28, v_misc_17,
          vaults_room_stairs_pillars, vaults_room_guarded_vault,
          vaults_mumra_hexcomb, nicolae_vaults_network_barrier,
          ontoclasm_vaults_shuriken, nicolae_vaults_triangles, vaults_dpeg_ring,
          v_pattern_1, v_misc_22, nicolae_vaults_three_branches,
          layout_vaults_chaotic_city
Vaults:4: grunt_vaults_trifunnel, ontoclasm_vaults_chip,
          nicolae_vaults_little_squares_3, hangedman_vaults_nodes,
          vaults_dpeg_cross, hangedman_vaults_unwind, st_cross,
          nicolae_vaults_little_squares_5, ontoclasm_vaults_hangar, v_misc_16,
          v_rooms_1, v_rooms_5, vaults_mumra_chevron, nicolae_vaults_theta,
          nicolae_vaults_shelves_hall, layout_vaults_maze_bifur
Depths:1: layout_twisted_cross, rand_demon_pan_entry_9,
          chequers_serial_rivers_micro_e, hell_entry, minmay_misc_feat_doors,
          nicolae_gozag_cash_rules_everything_around_me, minmay_shoptagon,
          roderic_lattice_octagonal_star, firewood_loft, uniq_nikola
Depths:2: grunt_runaround [grunt_runaround_doors_1, grunt_runaround_doors_2,
          grunt_runaround_doors_3, grunt_runaround_doors_4,
          grunt_runaround_loot], hell_entry, pan_entry
Depths:3: cheibrodos_witchhunters_guild, layout_basic,
          minmay_misc_feat_diagonals, hell_entry, abyss_entry_glasseish,
          minmay_staircase_windowed_small, minmay_shop_grove, uniq_margery,
          uniq_parghit
Depths:4: evilmike_zot_entry_argh, layout_cave_pools, enter_ziggurat_b,
          chequers_serial_rivers_micro_d, serial_shops, shop_statue, hell_entry,
          grunt_ministairs_8, minmay_strange_pillars,
          yredelemnul_forgotten_temple_becter
Zot:1:    grunt_twist_and_shout, layout_cathedral_of_symmetry,
          hangedman_zot_decor_slant, uniq_vv
Zot:2:    layout_misc_corridors
Zot:3:    layout_misc_corridors
Zot:4:    layout_gridville, hangedman_player_shredder
Zot:5:    layout_basic, grunt_ministairs_13, bh_zot_lava_cross

Skill      XL: |  1  2  3  4  5  6  7  8  9 10 11 12 13 14 15 16 17 18 19 20 21 22 23 24 25 |
---------------+----------------------------------------------------------------------------+-----
Fighting       | 4 5 6 7 8 9 11 12 13 14 15 16 17 18 19 20 21 22 24 | 24.3
Axes           | 4 5 6 7 8 9 11 12 13 14 16 17 18 19 | 19.4
Armour         | 3 4 5 6 7 9 12 14 16 17 18 19 20 21 22 23 25 26 27 | 27.0
Dodging        | 3 4 5 6 7 8 10 11 12 13 14 15 16 18 20 21 22 23 | 23.1
Throwing       | 1 2 3 4 5 6 7 8 10 11 12 13 14 15 16 17 | 17.2
Evocations     | 2 3 4 6 7 8 9 10 11 12 | 12.3
Shields        | 6 8 10 11 12 14 15 17 18 19 21 | 21.2
Stealth        | 2 4 5 |  5.4
Polearms       | 4 6 7 10 12 14 16 | 16.8

Action                   |  1- 3 |  4- 6 |  7- 9 | 10-12 | 13-15 | 16-18 | 19-21 | 22-24 | 25-27 || total
-------------------------+-------+-------+-------+-------+-------+-------+-------+-------+-------++-------
Melee: Hand axe          |    88 |   111 |   183 |    14 |       |       |       |       |       ||   396
       Headbutt          |    13 |    13 |    43 |    95 |   254 |   262 |   454 |   642 |   195 ||  1971
       Punch             |       |     1 |     4 |    11 |     3 |       |       |       |       ||    19
       War axe           |       |       |       |   409 |   456 |   105 |       |       |       ||   970
       Battleaxe         |       |       |       |       |   417 |       |       |       |       ||   417
       Broad axe         |       |       |       |       |   142 |   944 |   689 |   246 |       ||  2021
       Trishula          |       |       |       |       |       |       |   718 |  1645 |   640 ||  3003
Throw: Stone             |       |     1 |    51 |    57 |    34 |    42 |    58 |   211 |    31 ||   485
       Boomerang         |       |       |       |    42 |   178 |   201 |    25 |    51 |    38 ||   535
       Dart              |       |       |       |     4 |       |       |       |       |       ||     4
       Javelin           |       |       |       |       |       |       |       |       |     1 ||     1
Invok: Berserk           |     2 |     1 |     3 |     7 |     5 |     9 |     9 |    10 |     2 ||    48
       Trog's Hand       |       |       |       |     6 |     3 |     2 |    10 |     1 |     1 ||    23
       Brothers in Arms  |       |       |       |     1 |     2 |     3 |    22 |    22 |     2 ||    52
 Abil: Evoke Blink       |       |       |       |       |     1 |       |       |       |       ||     1
Evoke: Wand              |       |       |       |       |     2 |     6 |    11 |     1 |     3 ||    23
       Lightning rod     |       |       |       |       |       |       |     1 |       |       ||     1
  Use: Scroll            |       |       |     2 |    16 |    19 |    14 |     9 |    34 |     2 ||    96
       Potion            |       |       |       |       |     1 |     5 |    19 |     8 |     8 ||    41
 Stab: Distracted        |       |       |       |     1 |       |       |     2 |     2 |       ||     5
       Petrified         |       |       |       |       |     1 |       |       |       |       ||     1
       Sleeping          |       |       |       |       |       |     8 |     2 |       |       ||    10
       Confused          |       |       |       |       |       |     1 |       |       |       ||     1
Armor: Leather armour    |    11 |       |       |       |       |       |       |       |       ||    11
       Ring mail         |     9 |    12 |       |       |       |       |       |       |       ||    21
       Scale mail        |       |    18 |       |       |       |       |       |       |       ||    18
       Chain mail        |       |    14 |   103 |    38 |       |       |       |       |       ||   155
       Plate armour      |       |       |       |    22 |       |       |   417 |    99 |       ||   538
       Swamp dragon scal |       |       |       |   157 |   443 |   730 |   198 |       |       ||  1528
       Storm dragon scal |       |       |       |       |   212 |       |       |       |       ||   212
       Gold dragon scale |       |       |       |       |       |       |       |   982 |   307 ||  1289
       Skin              |       |       |       |       |       |       |       |     7 |       ||     7
Dodge: Dodged            |    52 |    52 |    67 |   208 |   759 |   729 |   554 |   671 |   242 ||  3334
Block: Kite shield       |       |       |       |       |    89 |   605 |   561 |       |       ||  1255
       Tower shield      |       |       |       |       |       |       |    83 |  1475 |   483 ||  2041
